 Dungeon Crawl Stone Soup version 0.29.1-15-g9cfb28693d (webtiles) character file.

Game seed: 7991361937337148918

50 zeram the Trooper (level 3, 0/33 HPs)
             Began as a Hill Orc Fighter on Mar 18, 2023.
             Succumbed to a goblin's poison
             ... on level 2 of the Dungeon.
             The game lasted 00:01:36 (1436 turns).

zeram the Trooper (Hill Orc Fighter)                Turns: 1436, Time: 00:01:36

Health: 0/33       AC:  8    Str: 20    XL:     3   Next: 79%
Magic:  3/3        EV:  9    Int:  8    God:
Gold:   86         SH:  0    Dex: 10    Spells: 2/2 levels left

rFire   . . .      SeeInvis .   k - +1 shortbow (vorpal)
rCold   . . .      Faith    .   (shield currently unavailable)
rNeg    . . .      Spirit   .   b - +0 scale mail
rPois   .          Reflect  .   (no helmet)
rElec   .          Harm     .   (no cloak)
rCorr   .          Rampage  .   f - +0 pair of gloves
Will    .....                   (no boots)
Stlth   ..........              (no amulet)
HPRegen 0.11/turn               (no ring)
MPRegen 0.08/turn               (no ring)

@: lethally poisoned (0 -> -19)
A: no striking features
a: no special abilities


You were on level 2 of the Dungeon.
You visited 1 branch of the dungeon, and saw 2 of its levels.

You collected 86 gold pieces.

Inventory:

Hand Weapons
 a - a +0 war axe
 k - a +1 vorpal shortbow (weapon)
Armour
 b - a +0 scale mail (worn)
 c - a +0 buckler
 f - a +0 pair of gloves (worn)
Scrolls
 e - 2 scrolls of enchant armour {unknown}
 h - 4 scrolls of teleportation {unknown}
 i - a scroll of vulnerability {unknown}
 l - a scroll of fear {unknown}
Potions
 d - a potion of might
 g - a potion of flight {unknown}
 j - a potion of ambrosia {unknown}


   Skills:
 - Level 4.1 Fighting
 + Level 3.6 Axes
 * Level 0.5 Ranged Weapons
 + Level 3.7 Armour
 + Level 0.1 Dodging
 + Level 3.6 Shields


You had 2 spell levels left.
You didn't know any spells.
Your spell library was empty.

Dungeon Overview and Level Annotations

Branches:
Dungeon (2/15)

Altars:


Message History

You shoot an arrow. The arrow hits the goblin!
You kill the goblin!
You hear a shout!
A goblin comes into view. It is wielding a +2 dagger of venom.
The goblin hits you with a +0 club.
You shoot an arrow. The arrow barely misses the goblin.
The goblin hits you with a +0 club.
The goblin hits you but does no damage. x2
You shoot an arrow. The arrow hits the goblin.
You kill the goblin!
The goblin hits you with a +0 club.
A goblin comes into view. It is wielding a +0 dagger.
The goblin hits you but does no damage.
You shoot an arrow. The arrow closely misses the goblin.
You hear a shout!
The goblin closely misses you.
The goblin hits you but does no damage. x2
A hobgoblin comes into view.
You shoot an arrow. The arrow misses the goblin.
The goblin barely misses you. The goblin hits you with a +0 dagger.
The goblin misses you.
A goblin comes into view. It is wielding a +0 club.
The goblin hits you but does no damage.
You are poisoned.
The goblin hits you but does no damage. x2
You shoot an arrow. The arrow closely misses the goblin.
You feel very sick. The goblin barely misses you.
The goblin hits you but does no damage. x2
You are more poisoned.
The goblin closely misses you. The goblin hits you but does no damage.
The goblin barely misses you.
You shoot an arrow. The arrow closely misses the goblin.
You feel very sick.
A kobold comes into view. It is wielding a +0 dagger.
The goblin hits you but does no damage. The goblin barely misses you.
The goblin hits you with a +2 dagger of venom.
You are more poisoned.
You are too injured to fight recklessly!
Unknown command.
The goblin attacks as you move away! The goblin hits you with a +0 dagger.
* * * LOW HITPOINT WARNING * * *
x2 You feel very sick.
You die...

#^#. #<.. #...
#... #
#...####g#K#
#...g))gg...
##gg#######
#.g.......##
#@####.#...#
#.#......##### #
#.#.....>..#.# .
#.#....###.#.###.#
#.#....# #.......[
#.#....#.#....####
###....#........).
####.....#......
####.##.##...


You could see a hobgoblin and 5 goblins.

Vanquished Creatures
  2 dart slugs
  4 ball pythons
  6 endoplasms (D:1)
  4 giant cockroaches (D:1)
  10 goblins
  2 quokkas
  3 bats
  3 frilled lizards (D:1)
  2 kobolds (D:1)
  4 rats
40 creatures vanquished.

Notes
Turn   | Place    | Note
-------+----------+-------------------------------------------
     0 | D:1      | zeram the Hill Orc Fighter began the quest for the Orb.
     0 | D:1      | Reached XP level 1. HP: 19/19 MP: 1/1
   181 | D:1      | Found a faded altar of an unknown god.
   224 | D:1      | Reached XP level 2. HP: 27/27 MP: 2/2
   573 | D:1      | Reached skill level 4 in Fighting
   721 | D:1      | Reached XP level 3. HP: 33/33 MP: 3/3
  1436 | D:2      | Succumbed to a goblin's poison

Illustrated notes

Levels and vault maps discovered:
D:1:      dpeg_arrival_rooms_c, layout_basic, basic_ecumenical_altar,
          minmay_misc_feat_plants
D:2:      layout_basic, nrook_loot_triangle, uniq_crazy_yiuf_cottage,
          uniq_robin, uniq_sigmund

Skill      XL: |  1  2 |
---------------+-------+-----
Fighting       | 4 |  4.1
Axes           | 3 |  3.6
Ranged Weapons | |  0.5
Armour         | |  3.7
Dodging        | |  0.1
Shields        | |  3.6

Action                   || total
-------------------------++-------
Melee: War axe           ||    61
 Fire: Shortbow          ||    31
Armor: Scale mail        ||    45
Dodge: Dodged            ||    47
Block: Buckler           ||    13
